 Dungeon Crawl Stone Soup version 0.17.1-1-g73c8601 (webtiles) character file.

69956 Implojin the Grappler (level 14, -3/149 HPs)
             Began as a Troll Fighter on Apr 3, 2016.
             Was a High Priest of Okawaru.
             Slain by a stone giant (20 damage)
             ... on level 2 of the Depths.
             The game lasted 00:57:36 (6836 turns).

Implojin the Grappler (Troll Fighter)               Turns: 6836, Time: 00:57:36

Health: -3/149     AC: 27    Str: 36    XL:     14   Next: 92%
Magic:  0/17       EV: 10    Int:  4    God:    Okawaru [*****.]
Gold:   335        SH: 19    Dex: 13    Spells: 2 memorised, 10 levels left

rFire  + . .     SeeInvis .       - Unarmed
rCold  + . .     Clarity  .     M - +2 gold dragon armour
rNeg   . . .     SustAt   .     a - +0 large shield {reflect}
rPois  +         Gourm    +     U - +0 hat
rElec  .         Spirit   +     e - +0 cloak
rCorr  .         Warding  .     (gloves unavailable)
rMut   .         Stasis   .     (boots unavailable)
MR     +....                    Z - amulet of guardian spirit
Stlth  ..........               Y - +6 ring of strength
                                g - +3 ring of strength

@: heroism, finesse, somewhat resistant to hostile enchantments, extremely
unstealthy
A: unfitting armour, claws 3, fast metabolism 3, gourmand, regeneration 2,
shaggy fur 1, tough skin 2
a: Heroism, Finesse, Renounce Religion


You were on level 2 of the Depths.
You worshipped Okawaru.
Okawaru was extremely pleased with you.
You were completely stuffed.

You visited 4 branches of the dungeon, and saw 26 of its levels.
You visited 1 bazaar.
You also visited: Labyrinth and Ice Cave.

You collected 468 gold pieces.
You spent 133 gold pieces at shops.

Inventory:

Hand Weapons
 n - a +3 blowgun
Missiles
 A - 15 tomahawks (quivered)
 W - 10 large rocks
Armour
 a - a +0 large shield of reflection (worn)
 e - a +0 cloak (worn)
 o - a +0 mottled dragon armour
 M - a +2 gold dragon armour (worn)
 U - a +0 hat (worn)
Jewellery
 b - an uncursed amulet of stasis {unknown}
 g - a +3 ring of strength (left claw)
 h - a +3 ring of slaying
 x - an uncursed ring of stealth
 B - an uncursed ring of see invisible
 Y - a +6 ring of strength (right claw)
 Z - an amulet of guardian spirit (around neck)
Wands
 F - a wand of fireball (0)
 J - a wand of draining (5)
 N - a wand of fire (3)
Scrolls
 c - 4 scrolls of amnesia
 p - 3 scrolls of recharging
 v - a scroll of fog
 w - 3 scrolls of immolation
 z - 5 scrolls of teleportation
 H - a scroll of remove curse
 O - a scroll of enchant armour
Potions
 i - a potion of agility
 j - a potion of resistance
 k - a potion of berserk rage
 l - a potion of invisibility
 u - 6 potions of curing
 G - 2 potions of brilliance
 T - a potion of might
 X - a potion of haste
Books
 y - a book of Conjurations

   Spells                             Type                      Level
   a - Magic Dart                     Conjuration                  1
   b - Searing Ray                    Conjuration                  2
   c - Dazzling Spray                 Conjuration/Hexes            3
   d - Fulminant Prism                Conjuration/Hexes            4
   e - Iskenderun's Mystic Blast      Conjuration                  4
   f - Iskenderun's Battlesphere      Conjuration/Charms           5
 E - a book of Unlife

   Spells                             Type                      Level
   a - Recall                         Summoning/Translocation      3
   b - Animate Dead                   Necromancy                   4
   c - Control Undead                 Necromancy                   4
   d - Cigotuvi's Embrace             Necromancy                   5
   e - Death Channel                  Necromancy                   6
   f - Simulacrum                     Ice/Necromancy               6
 I - a book of the Earth

   Spells                             Type                      Level
   a - Leda's Liquefaction            Hexes/Earth                  4
   b - Bolt of Magma                  Conjuration/Fire/Earth       5
   c - Statue Form                    Transmutation/Earth          6
   d - Iron Shot                      Conjuration/Earth            6
   e - Shatter                        Earth                        9
 K - a book of the Warp

   Spells                             Type                      Level
   a - Recall                         Summoning/Translocation      3
   b - Gell's Gravitas                Hexes/Translocation          3
   c - Force Lance                    Conjuration/Translocation    4
   d - Phase Shift                    Translocation                5
   e - Warp Weapon                    Charms/Translocation         5
   f - Summon Forest                  Summoning/Translocation      5
 L - a book of Burglary

   Spells                             Type                      Level
   a - Swiftness                      Charms/Air                   2
   b - Passwall                       Transmutation/Earth          3
   c - Passage of Golubria            Translocation                4
   d - Lee's Rapid Deconstruction     Earth                        5
   e - Darkness                       Hexes                        6
   f - Invisibility                   Hexes                        6
 P - a book of Flames

   Spells                             Type                      Level
   a - Flame Tongue                   Conjuration/Fire             1
   b - Throw Flame                    Conjuration/Fire             2
   c - Conjure Flame                  Conjuration/Fire             3
   d - Inner Flame                    Hexes/Fire                   3
   e - Sticky Flame                   Conjuration/Fire             4
   f - Fireball                       Conjuration/Fire             5
 S - a book of Party Tricks

   Spells                             Type                      Level
   a - Summon Butterflies             Summoning                    1
   b - Apportation                    Translocation                1
   c - Tukima's Dance                 Hexes                        3
   d - Alistair's Intoxication        Transmutation/Poison         4
   e - Invisibility                   Hexes                        6
 V - an Akashic Record

   Spells                             Type                      Level
   a - Dispersal                      Translocation                6
   b - Malign Gateway                 Summoning/Translocation      7
   c - Disjunction                    Translocation                8
   d - Controlled Blink               Translocation                8
Comestibles
 d - 8 bread rations
 f - 25 fruits
 m - 2 beef jerkies
 q - 5 chunks of flesh
 s - 4 royal jellies
 t - 6 meat rations
 R - a slice of pizza


   Skills:
 - Level 12.0(17.0) Fighting
 * Level 11.3(16.3) Armour
 - Level 11.0(16.0) Dodging
 - Level 2.4(7.4) Shields
 - Level 12.1(17.1) Unarmed Combat
 - Level 6.0 Invocations


You had 10 spell levels left.
You knew the following spells:

 Your Spells              Type           Power        Failure   Level  Hunger
a - Swiftness             Chrm/Air       #.......     100%        2    ###....
b - Apportation           Tloc           #.........   100%        1    ##.....


Dungeon Overview and Level Annotations

Branches:
Dungeon (15/15)            Temple (1/1) D:6            Lair (8/8) D:9
  Swamp (0/4) Lair:5       Spider (0/4) Lair:3        Slime (0/6) Lair:7
    Orc (0/4) D:11         Vaults (0/5) D:13         Depths (2/5) D:15

Altars:
Ashenzari
Cheibriados
Dithmenos
Elyvilon
Fedhas
Gozag
Kikubaaqudgha
Makhleb
Nemelex Xobeh
Okawaru
Ru
Sif Muna
Zin
The Shining One
Lugonu

Shops:
D:11 ?   D:15 %:%

Annotations:
D:2 Natasha
D:8 JirkfaceJones's ghost, novice MiBe


Innate Abilities, Weirdness & Mutations

You are too large for most types of armour.
You have claws for hands.
Your metabolism is lightning-fast.
You like to eat raw meat.
You heal very quickly.
You are covered in fur (AC +1).
You have very tough skin (AC +2).


Message History

You mangle the rakshasa!!
The rakshasa is severely wounded.
You eviscerate the rakshasa!!!
You kill the rakshasa!
Okawaru is honoured by your kill.
The stone giant shimmers and vanishes! x2
The rakshasa shimmers and vanishes!
You block the stone giant's attack.
Unknown command.
You claw the stone giant!
The stone giant is lightly wounded.
You claw the stone giant!
The stone giant is moderately wounded.
The stone giant hits you but does no damage.
You claw the stone giant!
The stone giant is heavily wounded.
You scratch the stone giant.
The stone giant is heavily wounded.
You scratch the stone giant but do no damage.
The stone giant is heavily wounded.
The stone giant hits you!!
* * * LOW HITPOINT WARNING * * *
You scratch the stone giant but do no damage.
The stone giant is heavily wounded.
You claw the stone giant!
The stone giant is heavily wounded.
The stone giant hits you!!
* * * LOW HITPOINT WARNING * * *
You barely miss the stone giant.
The stone giant is heavily wounded.
Drink which item? (? for menu, Esc to quit)
Okay, then.
Read which item? (? for menu, Esc to quit)
Okay, then.
You mangle the stone giant!!
The stone giant is almost dead.
You claw the stone giant!
The stone giant is almost dead.
The stone giant hits you!!
You die...

###
##<#
#..#
#..#
#..#
#..#
#((#
#.)#
#@(#
#C.#
#..#
#..#
#..#
#(.#
#..#
#..#


You could see a stone giant.

Vanquished Creatures
  6 dire elephants (Lair:8)
  4 vault guards (D:13)
  A minotaur (Lab)
  A rakshasa (Depths:2)
  3 jiangshi (Depths:1)
  An entropy weaver (Depths:1)
  A hydra (D:12)
  Erolcha (D:13)
  12 death yaks
  An ogre mage (Depths:1)
  A deep troll shaman (Depths:1)
  An anaconda (Lair:8)
  A deep troll earth mage (Depths:1)
  4 centaur warriors
  2 tengu warriors (D:15)
  A vampire mage (Depths:1)
  An unseen horror (D:15)
  4 deep trolls (Depths:1)
  2 hill giants
  A giant orange brain (D:15)
  A wizard (D:13)
  6 ugly things
  3 cyclopes
  2 manticores
  An orc knight (D:13)
  An orc sorcerer (D:13)
  A cyclops (shapeshifter) (Depths:1)
  A faun (shapeshifter) (D:15)
  The ghost of braveplatypus the Chopper, a novice NaGl of Okawaru (D:6)
  8 elephants (Lair:8)
  3 black mambas
  5 spiny frogs
  2 gargoyles (D:13)
  Psyche (D:9)
  An octopode (shapeshifter) (Depths:1)
  A fire drake (Lair:6)
  10 komodo dragons
  A tengu conjurer (D:15)
  A troll (D:9)
  2 two-headed ogres
  A wolf spider simulacrum (D:15)
  5 blink frogs (Lair:6)
  18 slime creatures
  A centaur simulacrum (D:15)
  3 redbacks (Depths:1)
  A spriggan (shapeshifter) (D:15)
  Sigmund (D:3)
  A wyvern (D:10)
  A human (D:13)
  2 hungry ghosts
  A human (shapeshifter) (D:15)
  3 basilisks
  13 yaks
  A wolf (D:15)
  6 hippogriffs
  A mottled dragon (D:9)
  3 porcupines
  9 orc warriors
  7 water moccasins
  A black bear (shapeshifter) (D:15)
  A black bear (D:12)
  An eye of draining (D:15)
  A phantom (D:12)
  8 spiders (Lair:3)
  13 ice beasts
  4 sky beasts
  2 necrophages
  6 ogres
  2 big kobolds
  8 crocodiles
  15 centaurs
  16 giant frogs
  3 scorpions
  11 wights
  13 killer bees
  An electric eel (Lair:3)
  A centaur zombie (D:6)
  3 giant frog zombies
  3 centaur skeletons
  3 orc priests
  A jelly (Lair:7)
  Crazy Yiuf (D:3)
  3 hounds
  5 iguanas
  9 orc wizards
  11 sheep
  3 worker ants (D:9)
  8 gnolls
  Robin (D:3)
  4 adders
  43 river rats
  4 white imps (D:15)
  5 shadow imps
  5 ufetubi (D:15)
  An adder skeleton (D:7)
  2 giant geckos
  57 orcs
  A bat zombie (D:3)
  A giant cockroach (D:5)
  4 hobgoblins (D:3)
  A quokka (D:12)
  A giant gecko skeleton (D:7)
  3 giant newts
  11 goblins (D:3)
  15 kobolds
  A rat (D:3)
  2 rat zombies (D:3)
  5 plants
503 creatures vanquished.

Vanquished Creatures (collateral kills)
  A wight (D:10)
  A giant frog skeleton (D:10)
  An orc (D:10)
3 creatures vanquished.

Vanquished Creatures (others)
  2 centaurs
  A river rat (Lair:6)
  2 white imps
  An ufetubus (IceCv)
  An orc (D:15)
  2 fungi
  A plant (D:11)
10 creatures vanquished.

Grand Total: 516 creatures vanquished

Notes
Turn   | Place    | Note
--------------------------------------------------------------
     0 | D:1      | Implojin the Troll Fighter began the quest for the Orb.
     0 | D:1      | Reached XP level 1. HP: 22/22 MP: 0/0
   124 | D:2      | Noticed Natasha
   128 | D:2      | Noticed a crimson imp
   138 | D:3      | Noticed Robin
   148 | D:3      | Noticed Sigmund
   171 | D:3      | Reached XP level 2. HP: 22/29 MP: 1/1
   192 | D:3      | Reached skill level 3 in Unarmed Combat
   202 | D:3      | Killed Robin
   202 | D:3      | Reached XP level 3. HP: 17/36 MP: 2/2
   246 | D:3      | Found an ancient bone altar of Kikubaaqudgha.
   268 | D:3      | Killed Sigmund
   268 | D:3      | Reached skill level 5 in Unarmed Combat
   268 | D:3      | Reached XP level 4. HP: 42/44 MP: 3/3
   268 | D:3      | Reached XP level 5. HP: 47/50 MP: 4/4
   358 | D:3      | Reached skill level 6 in Unarmed Combat
   375 | D:3      | Noticed Crazy Yiuf
   413 | D:3      | Killed Crazy Yiuf
   440 | D:3      | Reached XP level 6. HP: 53/59 MP: 5/5
   583 | D:4      | Found a snail-covered altar of Cheibriados.
   583 | D:4      | Found a glowing silver altar of Zin.
   638 | D:5      | Entered Level 5 of the Dungeon
   744 | D:6      | Noticed braveplatypus's ghost (novice NaGl)
   753 | D:6      | Reached skill level 7 in Unarmed Combat
   826 | D:6      | Reached XP level 7. HP: 40/66 MP: 6/6
   852 | D:6      | Reached skill level 8 in Unarmed Combat
   929 | D:7      | Reached skill level 3 in Fighting
   935 | D:7      | Found a sparkling altar of Nemelex Xobeh.
  1002 | D:7      | Reached skill level 4 in Fighting
  1113 | D:7      | Reached XP level 8. HP: 79/79 MP: 7/7
  1127 | D:7      | Reached skill level 5 in Fighting
  1265 | D:7      | Reached skill level 6 in Fighting
  1375 | D:6      | Found a staircase to the Ecumenical Temple.
  1379 | Temple   | Entered the Ecumenical Temple
  1391 | Temple   | Became a worshipper of Warmaster Okawaru
  1434 | D:6      | Reached skill level 7 in Fighting
  1475 | D:6      | Killed braveplatypus's ghost
  1475 | D:6      | Reached * piety under Okawaru
  1475 | D:6      | Reached XP level 9. HP: 42/94 MP: 8/8
  1533 | D:8      | Noticed JirkfaceJones's ghost (novice MiBe)
  1548 | D:8      | Reached skill level 8 in Fighting
  1760 | D:9      | Reached skill level 9 in Unarmed Combat
  1916 | D:9      | Reached skill level 10 in Unarmed Combat
  2022 | D:10     | Entered Level 10 of the Dungeon
  2060 | D:10     | Reached skill level 11 in Unarmed Combat
  2087 | D:10     | Reached ** piety under Okawaru
  2105 | D:10     | Reached XP level 10. HP: 80/104 MP: 9/9
  2169 | D:11     | Found Sugg's Magic Scroll Emporium.
  2176 | D:11     | Bought a scroll of enchant armour for 105 gold pieces
  2176 | D:11     | Bought a scroll of identify for 28 gold pieces
  2222 | D:10     | Noticed a centaur skeleton
  2255 | D:10     | Killed a centaur skeleton
  2255 | D:10     | Reached skill level 12 in Unarmed Combat
  2308 | D:10     | Noticed a hill giant
  2332 | D:10     | Killed a hill giant
  2335 | D:10     | Reached *** piety under Okawaru
  2467 | D:9      | Reached skill level 9 in Fighting
  2473 | D:9      | Noticed a manticore
  2483 | D:9      | Killed a manticore
  2520 | D:9      | Noticed a komodo dragon
  2529 | D:9      | Killed a komodo dragon
  2578 | D:9      | Noticed Psyche
  2588 | D:9      | Killed Psyche
  2604 | D:9      | Reached skill level 10 in Fighting
  2606 | D:9      | Noticed a komodo dragon
  2614 | D:9      | Killed a komodo dragon
  2637 | D:9      | Found a staircase to the Lair.
  2665 | Lair:1   | Entered Level 1 of the Lair of Beasts
  2682 | Lair:1   | Reached XP level 11. HP: 118/118 MP: 10/10
  2702 | Lair:1   | Reached **** piety under Okawaru
  2775 | Lair:1   | Noticed a death yak
  2777 | Lair:1   | Noticed a death yak
  2778 | Lair:1   | Noticed a death yak
  2779 | Lair:1   | Noticed a death yak
  2780 | Lair:1   | Noticed a death yak
  2782 | Lair:1   | Noticed a death yak
  2789 | Lair:1   | Killed a death yak
  2803 | Lair:1   | Killed a death yak
  2803 | Lair:1   | Reached skill level 11 in Fighting
  2810 | Lair:1   | Killed a death yak
  2828 | Lair:1   | Killed a death yak
  2828 | Lair:1   | Reached ***** piety under Okawaru
  2831 | Lair:1   | Killed a death yak
  2835 | Lair:1   | Killed a death yak
  2856 | Lair:1   | Reached skill level 12 in Fighting
  2891 | Lair:1   | Reached skill level 1 in Invocations
  2917 | Lair:2   | Received a gift from Okawaru
  2917 | Lair:2   | Reached skill level 2 in Invocations
  2928 | Lair:2   | Reached skill level 3 in Invocations
  3008 | Lair:3   | Found a hole to the Spider Nest.
  3016 | Lair:3   | Reached skill level 4 in Invocations
  3083 | Lair:3   | Found a frozen archway.
  3089 | Lair:3   | Reached skill level 5 in Invocations
  3111 | Lair:3   | Reached XP level 12. HP: 132/132 MP: 13/15
  3120 | IceCv    | Entered an ice cave
  3235 | Lair:4   | Reached skill level 6 in Invocations
  3273 | Lair:4   | Reached skill level 3 in Dodging
  3302 | Lair:4   | Received a gift from Okawaru
  3359 | Lair:4   | Reached skill level 4 in Dodging
  3397 | Lair:4   | Found a labyrinth entrance.
  3417 | Lab      | Entered a labyrinth
  3701 | Lab      | Noticed a minotaur
  3707 | Lab      | Killed a minotaur
  3707 | Lab      | Reached skill level 5 in Dodging
  3714 | Lab      | Got a jewelled helmet
  3792 | Lair:5   | Found a staircase to the Swamp.
  3974 | Lair:7   | Found a staircase to the Slime Pits.
  3995 | Lair:7   | Reached skill level 6 in Dodging
  4084 | Lair:6   | Reached skill level 7 in Dodging
  4229 | Lair:7   | Reached skill level 8 in Dodging
  4364 | Lair:8   | Entered Level 8 of the Lair of Beasts
  4376 | Lair:8   | Reached skill level 9 in Dodging
  4384 | Lair:8   | Reached XP level 13. HP: 74/140 MP: 11/16
  4386 | Lair:8   | Received a gift from Okawaru
  4658 | Lair:8   | Noticed an anaconda
  4675 | Lair:8   | Killed an anaconda
  4675 | Lair:8   | Received a gift from Okawaru
  4705 | Lair:8   | Noticed a dire elephant
  4705 | Lair:8   | Noticed a dire elephant
  4714 | Lair:8   | Killed a dire elephant
  4714 | Lair:8   | Reached skill level 10 in Dodging
  4722 | Lair:8   | Killed a dire elephant
  4800 | Lair:8   | Noticed a dire elephant
  4809 | Lair:8   | Killed a dire elephant
  4818 | Lair:8   | Noticed a dire elephant
  4823 | Lair:8   | Noticed a dire elephant
  4826 | Lair:8   | Killed a dire elephant
  4828 | Lair:8   | Noticed a dire elephant
  4835 | Lair:8   | Killed a dire elephant
  4845 | Lair:8   | Killed a dire elephant
  4845 | Lair:8   | Reached skill level 11 in Dodging
  4994 | Lair:6   | Reached skill level 1 in Armour
  5043 | Lair:6   | Reached skill level 2 in Armour
  5314 | D:11     | Found a staircase to the Orcish Mines.
  5416 | D:12     | Reached skill level 3 in Armour
  5441 | D:12     | Reached skill level 4 in Armour
  5536 | D:13     | Reached skill level 5 in Armour
  5575 | D:13     | Noticed Erolcha
  5584 | D:13     | Killed Erolcha
  5703 | D:12     | Reached skill level 6 in Armour
  5875 | D:11     | Found a corrupted altar of Lugonu.
  5889 | D:12     | Found a flickering gateway to a bazaar.
  5909 | Bazaar   | Entered a bazaar
  5913 | Bazaar   | Found Funainn's Jewellery Boutique.
  5931 | Bazaar   | Found Olehieq's Food Emporium.
  5949 | Bazaar   | Found Loru's Book Boutique.
  5966 | Bazaar   | Found Fireju's Antique Weapon Shoppe.
  5993 | Bazaar   | Learned a level 2 spell: Swiftness
  5995 | Bazaar   | Learned a level 1 spell: Apportation
  6075 | D:13     | Reached XP level 14. HP: 127/149 MP: 12/17
  6097 | D:13     | Reached skill level 7 in Armour
  6107 | D:13     | Found a gate to the Vaults.
  6200 | D:14     | Found a glowing golden altar of the Shining One.
  6215 | D:15     | Entered Level 15 of the Dungeon
  6242 | D:15     | Found Faot's Food Emporium.
  6327 | D:15     | Reached skill level 8 in Armour
  6328 | D:15     | Received a gift from Okawaru
  6437 | D:15     | Found Mem Nuve's Book Shop.
  6480 | D:15     | Found Jauv's Food Shoppe.
  6544 | D:15     | Reached skill level 9 in Armour
  6587 | D:15     | Found a staircase to the Depths.
  6611 | Depths:1 | Entered Level 1 of the Depths
  6656 | Depths:1 | Reached skill level 10 in Armour
  6751 | Depths:1 | Reached skill level 11 in Armour
  6757 | Depths:1 | Received a gift from Okawaru
  6836 | Depths:2 | Slain by a stone giant

Action                   |  1- 3 |  4- 6 |  7- 9 | 10-12 | 13-15 || total
-------------------------+-------+-------+-------+-------+-------++-------
Melee: Unarmed           |    58 |   107 |   259 |   478 |   716 ||  1618
       Staff             |       |       |       |       |     3 ||     3
Throw: Tomahawk          |       |       |       |     4 |    10 ||    14
Invok: Heroism           |       |       |     5 |    19 |    18 ||    42
       Finesse           |       |       |       |     4 |     4 ||     8
Evoke: Wand              |       |       |       |       |     2 ||     2
  Use: Potion            |     1 |       |     2 |       |       ||     3
       Scroll            |       |       |     7 |     6 |    14 ||    27
 Stab: Sleeping          |       |       |       |     4 |       ||     4
  Eat: Chunk             |     8 |     5 |    13 |    23 |    32 ||    81

Table legend:
 A = Turns spent in this place as a percentage of turns spent in the entire game.
 B = Non-inter-level travel turns spent in this place as a percentage of non-inter-level travel turns spent in the entire game.
 C = Inter-level travel turns spent in this place as a percentage of turns spent in this place.
 D = Turns resting spent in this place as a percentage of non-inter-level travel turns spent in this place.
 E = Turns spent auto-exploring this place as a percentage of non-inter-level travel turns spent in this place.
 F = Non-inter-level travel turns spent in this place divided by the number of levels of this place that you've seen.
                   A       B       C       D       E      F
               +-------+-------+-------+-------+-------+----------------------
         Total | 100.0 | 100.0 |   0.0 |   0.0 |   0.0 | 233.1
       Dungeon |  58.2 |  58.2 |   0.0 |   0.0 |   0.0 | 262.4
        Temple |   0.4 |   0.4 |   0.0 |   0.0 |   0.0 |  28.0
          Lair |  31.4 |  31.4 |   0.0 |   0.0 |   0.0 | 265.2
        Depths |   3.6 |   3.6 |   0.0 |   0.0 |   0.0 | 122.5
     Labyrinth |   4.6 |   4.6 |   0.0 |   0.0 |   0.0 | 309.0
        Bazaar |   1.6 |   1.6 |   0.0 |   0.0 |   0.0 | 107.0
      Ice Cave |   0.2 |   0.2 |   0.0 |   0.0 |   0.0 |  14.0
               +-------+-------+-------+-------+-------+----------------------

Table legend:
 A = Kills in this place as a percentage of kills in entire the game.
 B = Kills by you in this place as a percentage of kills by you in the entire game.
 C = Kills by friends in this place as a percentage of kills by friends in the entire game.
 D = Other kills in this place as a percentage of other kills in the entire game.
 E = Experience gained in this place as a percentage of experience gained in the entire game.
 F = Experience gained in this place divided by the number of levels of this place that you have seen.
                   A       B       C       D       E      F
               +-------+-------+-------+-------+-------+----------------------
         Total | 100.0 | 100.0 | 100.0 | 100.0 | 100.0 | 3446.1
       Dungeon |  60.4 |  60.2 | 100.0 |  50.0 |  40.5 | 2695.2
          Lair |  32.4 |  32.7 |   0.0 |   0.0 |  40.6 | 5067.8
        Depths |   7.0 |   6.8 |   0.0 |  50.0 |  17.9 | 8948.5
     Labyrinth |   0.2 |   0.2 |   0.0 |   0.0 |   1.1 | 1071.0
               +-------+-------+-------+-------+-------+----------------------
